Map: Ever Dream LE

Players

EPICLULZ

  • Race: Protoss Protoss
  • Spawn Location: 7:00

Pit - Winner!

  • Race: Zerg Zerg
  • League: Master
  • Spawn Location: 1:00

VOD

Have the link to the VOD?

Description

Time

  • Played on: April 13, 2020, 3:03 p.m.
  • Length: 4:11
Show
View Real Time Build Order
Export as new Build Order

EPICLULZ Protoss 

Build Orders: 1 Gate Expand, Oracle Opening 

Get SALT Encoding   

  12  0:01  Probe  
  13  0:13  Probe  
  14  0:19  Pylon  
  14  0:25  Probe (Chrono Boost)  
  15  0:37  Probe (Chrono Boost)  
  15  0:41  Gateway  
  16  0:45  Probe (Chrono Boost)  
  16  0:49  Assimilator  
  17  0:53  Probe  
  18  1:05  Probe  
  19  1:17  Probe  
  20  1:35  Cybernetics Core  
  20  1:38  Nexus, Probe  
  21  1:44  Assimilator  
  21  1:51  Probe  
  22  1:57  Pylon  
  22  2:03  Probe  
  23  2:13  Adept (Chrono Boost)  
  25  2:19  Stargate  
  25  2:20  Probe  
  26  2:33  Probe  
  26  2:36  Adept  
  28  2:45  Probe (Chrono Boost)  
  30  2:52  Gateway, Probe (Chrono Boost)  
  30  2:57  Probe (Chrono Boost)  
  31  3:01  Probe (Chrono Boost)  
  31  3:03  Probe (Chrono Boost)  
  33  3:06  Probe (Chrono Boost)  
  34  3:13  Shield Battery, Oracle (Chrono Boost), Probe  
  34  3:19  Probe  
  37  3:26  Robotics Facility  
  37  3:28  Probe  
  37  3:33  Adept  
  40  3:34  Probe  
  40  3:40  Probe  
  42  3:46  Probe  
  45  3:52  Probe  
Show
View Real Time Build Order
Export as new Build Order

Pit Zerg - Winner!

Build Orders: Hatch First 

Get SALT Encoding   

  12  0:00  Drone  
  13  0:08  Drone  
  14  0:16  Overlord  
  14  0:34  Drone x3  
  17  0:51  Hatchery  
  17  0:54  Drone  
  17  0:57  Drone  
  18  1:08  Extractor  
  17  1:12  Spawning Pool  
  17  1:17  Drone  
  17  1:19  Drone  
  18  1:30  Drone  
  19  1:39  Overlord  
  19  1:50  Drone  
  20  1:58  Queen  
  22  2:03  Queen  
  22  2:04  Zergling x2  
  22  2:05  Zergling x2  
  26  2:09  Metabolic Boost  
  26  2:14  Drone x2  
  28  2:24  Drone  
  28  2:25  Drone  
  30  2:36  Hatchery  
  29  2:39  Drone  
  29  2:44  Overlord  
  30  2:48  Zergling x4  
  32  2:56  Zergling x2  
  33  3:11  Zergling x12  
  39  3:18  Zergling x6  
  42  3:21  Overlord  
  42  3:28  Zergling x2  
  43  3:36  Zergling x2  
  43  3:39  Overlord  
  43  3:46  Zergling x4  
Tags
 
Add a new tag
Caveats
  • Supply blocks, unpowered buildings, or Contaminate may cause inaccurate times.
  • Supply counts are checked every 10 seconds.